 Dungeon Crawl Stone Soup version 0.20.1-1-g8b1a95d (console) character file.

111 hilaritas the Stinger (level 4, -6/36 HPs)
             Began as a Naga Venom Mage on Oct 22, 2017.
             Was an Initiate of Vehumet.
             Mangled by a gnoll
             ... wielding a +0 spear
              (10 damage)
             ... on level 3 of the Dungeon.
             The game lasted 00:07:21 (3638 turns).

hilaritas the Stinger (Naga Venom Mage)             Turns: 3638, Time: 00:07:21

Health: -6/36      AC:  2    Str: 10    XL:     4   Next: 92%
Magic:  2/9        EV: 10    Int: 17    God:    Vehumet [......]
Gold:   131        SH:  0    Dex: 11    Spells: 3/10 levels left

rFire    . . .     SeeInvis +   m - +0 whip
rCold    . . .     Gourm    .   (no shield)
rNeg     . . .     Faith    .   a - +0 robe
rPois    +         Spirit   .   (no helmet)
rElec    .         Reflect  .   (no cloak)
rCorr    .         Harm     .   (no gloves)
MR       .....                  (no barding)
Stlth    ++........             (no amulet)
Regen    0.2/turn               (no ring)
MPRegen  0.2/turn               (no ring)

@: very slow
A: see invisible, deformed body, poison resistance, slowness 2, slow metabolism
1, spit poison 1, AC +1
a: Spit Poison, Renounce Religion


You were on level 3 of the Dungeon.
You worshipped Vehumet.
Vehumet was noncommittal.
You were not hungry.

You visited 1 branch of the dungeon, and saw 3 of its levels.

You collected 131 gold pieces.

Inventory:

Hand Weapons
 m - a +0 whip (weapon)
Missiles
 h - 5 javelins (quivered)
Armour
 a - a +0 robe (worn)
Jewellery
 g - an uncursed ring of wizardry {unknown}
 u - a +5 ring of strength {unknown}
Wands
 w - a wand of paralysis (8/24)
Scrolls
 e - 3 scrolls of identify {unknown}
 f - a scroll of teleportation {unknown}
 i - 2 scrolls of fog {unknown}
 k - 3 scrolls of magic mapping {unknown}
 n - a scroll of noise {unknown}
 o - a scroll of random uselessness {unknown}
 q - a scroll of remove curse {unknown}
Potions
 d - a potion of curing {unknown}
 j - a potion of cancellation {unknown}
 l - 2 potions of magic {unknown}
 r - a potion of haste {unknown}
 s - a potion of lignification {unknown}
 v - a potion of mutation {unknown}
Books
 b - a Young Poisoner's Handbook

   Spells                             Type                      Level
   a - Sting                          Conjuration/Poison           1
   b - Poisonous Vapours              Poison/Air                   2
   c - Mephitic Cloud                 Conjuration/Poison/Air       3
   d - Olgreb's Toxic Radiance        Poison                       4
   e - Venom Bolt                     Conjuration/Poison           5
Comestibles
 c - 3 bread rations
 p - 2 meat rations
 t - 3 chunks of flesh


   Skills:
 - Level 1.5 Dodging
 - Level 3.0 Stealth
 * Level 3.5 Spellcasting
 - Level 2.2 Conjurations
 - Level 5.0 Poison Magic


You had 3 spell levels left.
You knew the following spells:

 Your Spells              Type           Power        Failure   Level  Hunger
a - Sting                 Conj/Pois      ###.         3%          1    None
b - Poisonous Vapours     Pois/Air       ##....       9%          2    ##.....
c - Olgreb's Toxic Radia  Pois           ###.....     21%         4    ####...


Dungeon Overview and Level Annotations

Branches:
Dungeon (3/15)

Altars:
Ashenzari
Vehumet


Innate Abilities, Weirdness & Mutations

You cannot wear boots.
Your serpentine skin is tough. (AC +1)
You have supernaturally acute eyesight. (SInv)
Armour fits poorly on your strangely shaped body.
Your system is resistant to poisons. (rPois)
You cover ground very slowly.
You have a slow metabolism.
You can spit poison.


Message History

The gnoll is lightly wounded.
The gnoll hits you from afar with a spear!
* * * LOW HITPOINT WARNING * * *
Casting: Sting
Confirm with . or Enter, or press ? or * to list all spells.
Aiming: Sting
Press: ? - help, Shift-Dir - straight line, f/p - gnoll
Aim: a gnoll, wielding a spear (lightly wounded)
The sting hits the gnoll.
The gnoll is heavily wounded.
The gnoll hits you from afar with a spear.
* * * LOW HITPOINT WARNING * * *
Casting: Sting
Confirm with . or Enter, or press ? or * to list all spells.
Aiming: Sting
Press: ? - help, Shift-Dir - straight line, f/p - gnoll
Aim: a gnoll, wielding a spear (heavily wounded)
The sting misses the gnoll.
The gnoll hits you from afar with a spear!
You die...

.. ##.. #.
..#+##.⌠# .$......#
.. .......# ..
.......# . #(
..._...+.. #.
.......... ###g
.......## #. #.g
........# ... ##.#
.##+##.⌠#..# ##.@#
#.....###.# #..##
.#...#....# ##.##
.#...#..# ##..#
.####..## #..##
........####.##
..#####.##...#
...........########
.######..#.........
.##......##########
##..####.#


You could see 2 gnolls.

Vanquished Creatures
  A worker ant (D:3)
  An adder (D:2)
  4 worms (D:2)
  A dart slug (D:2)
  2 leopard geckos
  An orc (D:3)
  A ball python (D:3)
  9 bats
  4 giant cockroaches
  6 goblins
  8 hobgoblins
  6 jackals (D:2)
  3 quokkas
  2 frilled lizards
  2 kobolds
  6 rats
57 creatures vanquished.

Notes
Turn   | Place    | Note
-------+----------+-------------------------------------------
     0 | D:1      | hilaritas the Naga Venom Mage began the quest for the Orb.
     0 | D:1      | Reached XP level 1. HP: 15/15 MP: 3/3
   239 | D:1      | Reached XP level 2. HP: 16/22 MP: 0/5
   761 | D:1      | Learned a level 2 spell: Poisonous Vapours
  1211 | D:1      | Reached skill level 5 in Poison Magic
  1556 | D:1      | Reached XP level 3. HP: 27/28 MP: 2/6
  1845 | D:2      | Found a radiant altar of Vehumet.
  1983 | D:2      | Became a worshipper of Vehumet
  2516 | D:2      | Reached XP level 4. HP: 36/36 MP: 5/7
  2522 | D:2      | Learned a level 4 spell: Olgreb's Toxic Radiance
  3522 | D:3      | Found a shattered altar of Ashenzari.
  3638 | D:3      | Mangled by a gnoll

Skill      XL: |  1  2  3  4 |
---------------+-------------+-----
Poison Magic   | 5 |  5.0
Conjurations   | 2 |  2.2
Spellcasting   | 3 |  3.5
Dodging        | |  1.5
Stealth        | |  3.0

Action                   |  1- 3 |  4- 6 || total
-------------------------+-------+-------++-------
Melee: Unarmed           |    11 |       ||    11
       Whip              |    20 |     7 ||    27
 Cast: Sting             |    84 |    59 ||   143
  Eat: Chunk             |     5 |     2 ||     7
Armor: Robe              |     6 |     6 ||    12
Dodge: Dodged            |    29 |    19 ||    48
